AoeStats
← kkkg

Arena

508330002Analyzed
1v1 RM · 11d ago on Sep 22, 2026· 56m 23s· 2 players
Game mode
Random Map
Map size
Tiny (2 player)
Population
200
Speed
Normal
Resources
Standard
Victory
Conquest
Starting age
Dark Age
Ending age
Imperial Age
RankedLock teamsTeams togetherTeam positionsShared explorationLock speedFull tech treeHidden civsTurbo modeCheats
Victory
Defeat
🇨🇴 Bohemians · Colombia
907
+16
🇨🇳 Bohemians · China
914
-16
Kamus1922016
10:19 Feudal Age
13:18 Loom
16:45 Castle Age
15:04 Double-Bit Axe
15:00 Horse Collar
20:51 Heavy Plow
21:04 Bow Saw
28:27 Imperial Age
26:34 Wheelbarrow
29:02 Chemistry
27:58 Murder Holes
28:25 Fletching
28:35 Padded Archer Armor
28:48 Forging
29:07 Hand Cart
30:52 Two-Man Saw
32:36 Bodkin Arrow
33:22 Ballistics
33:15 Masonry
32:45 Treadmill Crane
33:53 Bracer
34:08 Leather Archer Armor
33:16 Elite Skirmisher
40:40 Light Cavalry
40:41 Cavalier
41:21 Husbandry
41:29 Houfnice
45:18 Pikeman
45:59 Squires
47:03 Halberdier
kkkg
10:44 Feudal Age
14:38 Castle Age
12:35 Double-Bit Axe
13:22 Horse Collar
16:08 Bow Saw
26:19 Wheelbarrow
25:56 Fletching
26:08 Padded Archer Armor
28:18 Bodkin Arrow
28:39 Leather Archer Armor
28:27 Scale Mail Armor
28:37 Forging
29:34 Hand Cart
32:12 Imperial Age
30:18 Squires
30:04 Arson
29:40 Pikeman
30:50 Chain Mail Armor
30:55 Treadmill Crane
32:16 Chemistry
31:37 Ballistics
32:20 Masonry
33:19 Conscription
33:07 Wagenburg Tactics
33:55 Loom
33:56 Town Watch
35:06 Bracer
35:37 Ring Archer Armor
35:42 Iron Casting
35:38 Plate Mail Armor
38:12 Elite Skirmisher
40:14 Ring Archer Armor
40:45 Blast Furnace
40:15 Plate Mail Armor
40:21 Houfnice
43:11 Husbandry
42:32 Cavalier
45:39 Scale Barding Armor
52:01 Light Cavalry
Connection lost

Rejoining the realm…

Still unreachable

The connection could not be restored.

Session expired

The server has moved on; the page needs a fresh start.